 Dungeon Crawl Stone Soup version 0.27-a0-1232-gc6a4cbde82 (webtiles) character file.

Game seed: 12377435233381602140

2224 freelancePsychic the Fighter (level 9, 0/77 HPs)
             Began as a Demonspawn Wanderer on June 9, 2021.
             Was a Follower of Ru.
             Slain by an orc warrior
             ... wielding a +0 trident
             ... summoned by Maurice
              (11 damage)
             ... on level 8 of the Dungeon.
             The game lasted 00:19:16 (9810 turns).

freelancePsychic the Fighter (Demonspawn Wanderer)  Turns: 9810, Time: 00:19:16

Health: 0/77       AC:  7    Str: 20    XL:     9   Next: 13%
Magic:  9/9        EV: 10    Int: 13    God:    Ru [*.....]
Gold:   0          SH:  0    Dex: 14    Spells: 8/8 levels left

rFire    . . .     SeeInvis .     - Unarmed
rCold    . . .     Faith    .   (no shield)
rNeg     . . .     Spirit   .   t - +0 swamp dragon scales
rPois    +         Reflect  .   (helmet restricted)
rElec    .         Harm     .   (no cloak)
rCorr    .         Rampage  .   (no gloves)
Will     .....                  (no boots)
Stlth    +.........             s - amulet of Wez Cyimm {Acrobat rPois Str+5}
HPRegen  0.22/turn              (no ring)
MPRegen  0.11/turn              (no ring)

@: mighty, studying Translocations
A: antennae 2, claws 2, hooves 1, demonic guardian 1, no hexes magic, no poison
magic, no summoning magic
a: Renounce Religion


You were on level 8 of the Dungeon.
You worshipped Ru.
Ru was aware of your devotion.
You visited 2 branches of the dungeon, and saw 9 of its levels.

Inventory:

Missiles
 f - 16 poisoned darts (quivered)
Armour
 d - a +1 ring mail
 l - a +0 helmet
 t - +0 swamp dragon scales (worn)
Jewellery
 s - the amulet of Wez Cyimm (around neck) {Acrobat rPois Str+5}
   (You found it on level 4 of the Dungeon)

   [amulet of the acrobat]

   It increases your evasion while moving and waiting.
   It affects your strength (+5).
   It protects you from poison.
Wands
 p - a wand of paralysis (16)
Scrolls
 a - 2 scrolls of vulnerability
 b - a scroll of identify {@r1}
 c - 2 scrolls of amnesia
 e - 3 scrolls of noise
 i - a scroll of enchant weapon
Potions
 h - a potion of magic
 m - a potion of degeneration
 o - 3 potions of might
 q - 2 potions of curing {@q1}
 u - a potion of brilliance


   Skills:
 + Level 9.6 Fighting
 - Level 1.0 Short Blades
 - Level 1.7 Axes
 - Level 1.0 Throwing
 - Level 2.6 Armour
 + Level 0.1 Dodging
 - Level 1.0 Stealth
 - Level 1.0 Shields
 + Level 6.8 Unarmed Combat


You had 8 spell levels left.
You didn't know any spells.
Your spell library contained the following spells:

 Spells                   Type           Power      Damage    Failure   Level
 Animate Skeleton         Necr           0%         N/A       45%         1
 Apportation              Tloc           0%         N/A       45%         1
 Corona                   Hex            Unusable   N/A       N/A         1
 Summon Small Mammal      Summ           Unusable   N/A       N/A         1
 Haunt                    Necr/Summ      Unusable   N/A       N/A         7
 Malign Gateway           Summ/Tloc      Unusable   N/A       N/A         7
 Monstrous Menagerie      Summ           Unusable   N/A       N/A         7
 Summon Horrible Things   Summ           Unusable   N/A       N/A         8

Dungeon Overview and Level Annotations

Branches:
Dungeon (8/15)             Temple (1/1) D:5
   Lair: D:8-11

Altars:
Ashenzari
Cheibriados
Dithmenos
Elyvilon
Gozag
Hepliaklqana
Kikubaaqudgha
Nemelex Xobeh
Qazlal
Ru
Trog
Uskayaw
Vehumet
Wu Jian
Xom
Yredelemnul
Zin
The Shining One

Annotations:
D:8 Maurice


Innate Abilities, Weirdness & Mutations

You have a pair of antennae on your head.
You have very sharp fingernails.
You have large cloven feet.
A weak demonic guardian rushes to your aid.
You cannot study or cast Hexes magic.
You cannot study or cast Poison magic.
You cannot study or cast Summoning magic.


Message History

The orc warrior hits you from afar with a +0 trident!
* * * LOW HITPOINT WARNING * * *
You mangle something!!
Reactivating autopickup.
The bullfrog hits you.
* * * LOW HITPOINT WARNING * * *
The orc hits you but does no damage.
The orc priest hits you but does no damage.
The bullfrog completely misses you.
You closely miss the orc priest. You kick the orc priest!
You claw the orc priest.
The orc priest is severely wounded.
The orc warrior hits you from afar with a +0 trident.
* * * LOW HITPOINT WARNING * * *
The orc hits you with a +0 dagger.
* * * LOW HITPOINT WARNING * * *
A demonic guardian appears!
The orc priest hits you but does no damage.
The bullfrog hits you but does no damage.
You mangle the orc priest!!
You kill the orc priest!
The orc priest's corpse dissolves into shadows!
The orc warrior hits you from afar with a +0 trident.
* * * LOW HITPOINT WARNING * * *
The bullfrog hits you.
* * * LOW HITPOINT WARNING * * *
Your ufetubus closely misses the orc priest.
Your ufetubus hits the orc priest but does no damage.
You feel better.
The bullfrog hits you but does no damage.
Your ufetubus hits the orc priest.
Your ufetubus hits the orc priest but does no damage.
The orc hits you but does no damage.
The orc priest hits you with a +0 dagger.
* * * LOW HITPOINT WARNING * * *
The puff of flame hits your ufetubus!
Your ufetubus is burned terribly!
Your ufetubus dies!
The orc warrior hits you from afar with a +0 trident!
You die...

########
###########(.....#
#........##.####.#
###.######.##.# #.#
####...# ####.##.####.#
.....#.# #.....Zoo{##.#
####...###.##{##o#Z##.#
##.........##F#{##.#
#.##...@.###@#.##.#
#.###..Z## #oo....# #.#
##.## ###.#### #
#.###...# #.# #
#.......# #.#
#########...# #.# ...#
##.@.## #.# ##### ##.#
##.Z.(.## #.###...#
.#.# ##....(..##
#.......#


You could see an orc warrior (summoned), a bullfrog (summoned), an orc priest
(summoned), 3 orcs and a hornet zombie (summoned).

Vanquished Creatures
  Maggie (D:7)
  Prince Ribbit (D:6)
  Sigmund (D:3)
  A water moccasin (D:7)
  A necrophage (D:5)
  An ogre (D:5)
  3 centaurs
  A kobold brigand (D:8)
  A bullfrog (D:6)
  2 scorpions (D:5)
  A water moccasin zombie (D:6)
  A howler monkey (D:7)
  A jelly (D:8)
  A hound (D:6)
  A centaur skeleton (D:6)
  2 orc priests
  A gnoll shaman (D:5)
  2 iguanas
  6 orc wizards
  A hound zombie (D:5)
  A hound skeleton (D:5)
  Robin (D:3)
  13 gnolls
  7 adders
  A white imp (D:6)
  17 orcs
  9 bats
  7 endoplasms
  5 giant cockroaches
  10 goblins
  11 hobgoblins
  4 kobolds
  A quokka (D:2)
  6 ball pythons
  3 frilled lizards
  3 rats
129 creatures vanquished.

Vanquished Creatures (collateral kills)
  An iguana (D:5)
1 creature vanquished.

Grand Total: 130 creatures vanquished

Notes
Turn   | Place    | Note
-------+----------+-------------------------------------------
     0 | D:1      | freelancePsychic the Demonspawn Wanderer began the quest
                  | for the Orb.
     0 | D:1      | freelancePsychic set off with the following items: a +2
                  | dagger, a curare-tipped dart, a +0 hand axe, a +0 ring mail
     0 | D:1      | Reached XP level 1. HP: 16/16 MP: 1/1
   153 | D:1      | Reached skill level 1 in Short Blades
   153 | D:1      | Gained mutation: You have large cloven feet. [demonic
                  | ancestry]
   153 | D:1      | Reached XP level 2. HP: 2/23 MP: 2/2
   480 | D:1      | Reached skill level 1 in Unarmed Combat
   867 | D:1      | Gained mutation: You have sharp fingernails. [demonic
                  | ancestry]
   867 | D:1      | Reached XP level 3. HP: 23/28 MP: 3/3
  1465 | D:2      | Reached skill level 3 in Fighting
  1684 | D:2      | Found a faded altar of an unknown god.
  1918 | D:2      | Reached XP level 4. HP: 12/35 MP: 4/4
  2572 | D:3      | Found a stormy altar of Qazlal.
  2574 | D:3      | Noticed Robin
  2624 | D:3      | Killed Robin
  2913 | D:3      | Gained mutation: You have very sharp fingernails. [demonic
                  | ancestry]
  2913 | D:3      | Reached XP level 5. HP: 36/41 MP: 5/5
  2965 | D:3      | Noticed a centaur
  2975 | D:3      | Killed a centaur
  3256 | D:3      | Identified a scroll of acquirement
  3256 | D:3      | Acquired a manual of Translocations
  3276 | D:2      | Reached skill level 4 in Fighting
  3489 | D:3      | Gained mutation: A weak demonic guardian rushes to your
                  | aid. [demonic ancestry]
  3489 | D:3      | Reached XP level 6. HP: 32/48 MP: 6/6
  3871 | D:3      | Noticed Sigmund
  4211 | D:5      | Entered Level 5 of the Dungeon
  4549 | D:5      | Found a staircase to the Ecumenical Temple.
  4557 | Temple   | Entered the Ecumenical Temple
  4665 | Temple   | Became a worshipper of Ru the Awakened
  4951 | D:5      | Reached skill level 5 in Fighting
  5183 | D:5      | Gained mutation: You have a pair of small antennae on your
                  | head. [demonic ancestry]
  5183 | D:5      | Reached XP level 7. HP: 47/56 MP: 7/7
  5317 | D:5      | Reached skill level 6 in Fighting
  6244 | D:4      | Reached skill level 5 in Unarmed Combat
  6489 | D:4      | Identified the amulet of Wez Cyimm {Acrobat rPois Str+5}
  6814 | D:5      | Reached skill level 7 in Fighting
  6922 | D:5      | Gained mutation: You have a pair of antennae on your head.
                  | [demonic ancestry]
  6922 | D:5      | Reached XP level 8. HP: 39/67 MP: 8/8
  7325 | D:6      | Gained mutation: You cannot study or cast Poison magic. [Ru
                  | sacrifice]
  7325 | D:6      | Gained mutation: You cannot study or cast Hexes magic. [Ru
                  | sacrifice]
  7325 | D:6      | Gained mutation: You cannot study or cast Summoning magic.
                  | [Ru sacrifice]
  7325 | D:6      | Reached * piety under Ru
  7361 | D:6      | Noticed Prince Ribbit
  7370 | D:6      | Killed Prince Ribbit
  7577 | D:6      | Reached skill level 8 in Fighting
  7821 | D:6      | Identified the +2 robe of Muniot {Dex+7 Slay+3}
  8350 | D:3      | Killed Sigmund
  8882 | D:7      | Noticed Maggie
  8908 | D:7      | Killed Maggie
  8909 | D:7      | Reached skill level 9 in Fighting
  9187 | D:7      | Reached XP level 9. HP: 76/76 MP: 9/9
  9227 | D:7      | Found an ancient bone altar of Kikubaaqudgha.
  9247 | D:7      | Noticed a wizard
  9472 | D:8      | Noticed Maurice
  9809 | D:8      | HP: 3/77 [bullfrog[Maurice] (6)]
  9810 | D:8      | Slain by an orc warrior

Illustrated notes

Levels and vault maps discovered:
D:1:      minmay_arrival_open_corners, layout_rooms, hangedman_decor_slide_cut,
          fountainhead
D:2:      minmay_spotlight, layout_loops_cross,
          hellmonk_ecumenical_altar_blasted, chequers_serial_rivers_micro_e,
          chequers_serial_rivers_large_b, minmay_diced_spiral
D:3:      layout_basic, overflow_temple_1_default, uniq_sigmund, uniq_robin
D:4:      layout_basic
D:5:      layout_basic, minmay_temple_entry_ruins
D:6:      layout_gridville, uniq_prince_ribbit1
D:7:      cheibrodos_wizards_tower, layout_basic, lemuel_doored_altar,
          amethyst_overflow_temple_binary, serial_co_window_serial,
          co_window_paths_b, co_window_paths_b, co_window_corner_a,
          co_window_paths_b, co_window_paths_a, co_window_corner_b,
          co_window_broadway_b, co_window_corner_cb, co_window_broadway_c,
          co_window_corner_cb, co_window_corner_ca, co_window_2corner,
          co_window_paths_d, glass_columns_b, glass_columns_b, glass_columns_c,
          serial_shops, kennysheep_little_box, uniq_pikel, uniq_joseph,
          uniq_maggie
D:8:      layout_loops_corners, kennysheep_island_fort, uniq_maurice
Temple:   regret_index_temple_mists

Skill      XL: |  1  2  3  4  5  6  7  8 |
---------------+-------------------------+-----
Short Blades   | 1 |  1.0
Unarmed Combat | 1 2 3 4 5 6 |  6.8
Fighting       | 3 4 5 7 9 |  9.6
Axes           | |  1.7
Throwing       | |  1.0
Armour         | |  2.6
Dodging        | |  0.1
Stealth        | |  1.0
Shields        | |  1.0

Action                   |  1- 3 |  4- 6 |  7- 9 || total
-------------------------+-------+-------+-------++-------
Melee: Dagger            |    61 |       |       ||    61
       Kick              |    19 |    32 |    67 ||   118
       Unarmed           |    68 |   150 |   243 ||   461
       Punch             |       |     3 |     9 ||    12
Throw: Dart              |     6 |    20 |    16 ||    42
Invok: Sacrifice Arcana  |       |       |     1 ||     1
Evoke: Wand              |       |       |     1 ||     1
  Use: Potion            |     1 |     2 |     4 ||     7
       Scroll            |     3 |     4 |     8 ||    15
 Stab: Sleeping          |     1 |       |       ||     1
       Paralysed         |       |       |     3 ||     3
Armor: Ring mail         |    66 |    68 |    52 ||   186
       Swamp dragon scal |       |       |    30 ||    30
Dodge: Dodged            |    93 |    80 |   121 ||   294

Table legend: (Time is in decaauts)
 A = Elapsed time spent in this place.
 B = Non-inter-level travel time spent in this place.
 C = Inter-level travel time spent in this place.
 D = Time resting spent in this place.
 E = Time spent auto-exploring this place.
 F = Levels seen in this place.
 G = Mean time per level.
                   A        B        C        D        E       F      G
               +--------+--------+--------+--------+--------+-----+--------+
         Total |   9866 |   9298 |    568 |   1842 |   5999 |   9 | 1096.2 |
       Dungeon |   9705 |   9147 |    558 |   1842 |   5999 |   8 | 1213.1 |
        Temple |    160 |    150 |     10 |      0 |      0 |   1 |  160.0 |
               +--------+--------+--------+--------+--------+-----+--------+

Top non-repeatable levels by time:
     D:5: 2229 daAuts
     D:3: 1775 daAuts
     D:2: 1434 daAuts
     D:6: 1269 daAuts
     D:1: 980 daAuts
     D:4: 832 daAuts
     D:7: 672 daAuts
     D:8: 511 daAuts
  Temple: 160 daAuts
